 Dungeon Crawl Stone Soup version 0.32-a0-607-g64ea0e4219 (webtiles) character file.

Game seed: 5970983569296570981

654 cforsyth the Grave Robber (level 7, -9/63 HPs)
             Began as a Mountain Dwarf Necromancer on Mar 4, 2024.
             Mangled by an ogre
             ... wielding a +0 giant club
              (19 damage)
             ... on level 4 of the Dungeon.
             The game lasted 00:06:28 (5386 turns).

cforsyth the Grave Robber (MDNe)                    Turns: 5386, Time: 00:06:29

Health: -9/63      AC: 12    Str: 13    XL:     7   Next: 29%
Magic:  12/18      EV:  3    Int: 15    God:
Gold:   136        SH:  0    Dex: 13    Spells: 8/9 levels left

rFire   . . .        k - +5 short sword "Dioca" {flame, Will+ Dex+3}
rCold   . . .        (no shield)
rNeg    . . .        s - +0 plate armour
rPois   .            y - +0 helmet
rElec   .            (no cloak)
rCorr   .            a - +0 pair of gloves
SInv    .            (no boots)
Will    +....        (no amulet) Stlth
                     M - ring of magical power
HPRegen 0.30/turn    (no ring)
MPRegen 0.16/turn

%: no passive effects
@: no status effects
A: runic magic, artefact enchanting
a: no special abilities


You were on level 4 of the Dungeon.
You visited 1 branch of the dungeon, and saw 5 of its levels.

You collected 136 gold pieces.


Innate Abilities, Weirdness & Mutations

Your spellcasting is much less encumbered by armour.
You can use scrolls of enchantment on lesser artefacts.


   Skills:
 + Level 6.0 Fighting
 - Level 1.3 Dodging
 - Level 1.4 Stealth
 - Level 1.7 Spellcasting
 + Level 7.6 Necromancy


You had 8 spell levels left.
You knew the following spells:

 Your Spells              Type           Power      Damage    Failure   Level
X - Necrotise             Necr           96%        1d8       3%          1

Your spell library contained the following spells:

 Spells                   Type           Power      Damage    Failure   Level
 Vampiric Draining        Necr           24%        2d7       11%         3
 Animate Dead             Necr           24%        N/A       36%         4
 Magic Dart               Conj           4%         1d3       63%         1
 Curse of Agony           Necr           24%        N/A       71%         5
 Blink                    Tloc           2%         N/A       77%         2
 Lesser Beckoning         Tloc           2%         N/A       77%         2
 Momentum Strike          Conj/Tloc      2%         3d8       77%         2
 Searing Ray              Conj           2%         2d4       77%         2
 Fulminant Prism          Conj/Alch      0%         3d5       100%        4

Inventory:

Hand Weapons
 k - the +5 short sword "Dioca" (weapon) {flame, Will+ Dex+3}
   (You took it off a goblin on level 2 of the Dungeon)

   Dex+3:     It affects your dexterity (+3).
   Will+:     It increases your willpower.
 p - a +0 whip of electrocution
Armour
 a - a +0 pair of gloves (worn)
 s - a +0 plate armour (worn)
 y - a +0 helmet (worn)
Jewellery
 M - a ring of magical power (left hand)
Wands
 l - a wand of flame (24)
 q - a wand of mindburst (18)
Scrolls
 f - 2 scrolls of noise {unknown}
 g - a scroll of brand weapon {unknown}
 h - 2 scrolls of enchant armour {unknown}
 i - 2 scrolls of poison {unknown}
 j - a scroll of revelation {unknown}
 m - 3 scrolls of identify {unknown}
 t - a scroll of teleportation {unknown}
 u - a scroll of immolation {unknown}
 v - a scroll of silence {unknown}
 w - a scroll of fog {unknown}
Potions
 b - a potion of magic
 d - 2 potions of brilliance {unknown}
 e - 2 potions of degeneration {unknown}
 o - a potion of mutation {unknown}
 r - a potion of cancellation {unknown}
 x - a potion of curing {unknown}

Dungeon Overview and Level Annotations

Branches:
Dungeon (5/15)
 Temple: D:4-7

Altars:
Elyvilon
Hepliaklqana
Nemelex Xobeh
Okawaru
Xom

Shops:
D:4 =

Annotations:
D:5 Sigmund

....................#.......##ß.ß
...............##.#.........###..
....(.............#.#.......# #..
###...####..#.......#.......# #.#
#...# #..#.##..#.#.......# #.#
#>..# #..........######### #..
#...# #.#####..#####.## ###
###...####.#####O†####.#.## #
#.......#.......@.....###.# #
..#####.#.###.########.#.########
..# #.#.###.# #........... ..#
#.....#.# #...######## #.#
#.#.#.#.# ##### ..#####.#.)...#
#.......###.### ......### #.#
.....## #.#####


You could see an ogre.


Message History

You climb upwards.
There is a stone staircase leading down, spattered with blood here.
You are too injured to fight recklessly!
You are too injured to fight recklessly!
You are too injured to fight recklessly!
Casting: Necrotise (safe; 3% risk of failure)
Confirm with . or Enter, or press ? or * to list all spells.
Aiming: Necrotise (safe; 3% risk of failure)
Press: ? - help, Shift-Dir - straight line, f - ogre
Aim: an ogre, wielding a +0 giant club (heavily wounded, chance to affect: 83%)
The ogre writhes in agony.
Unknown command.
Casting: Necrotise (safe; 3% risk of failure)
Confirm with . or Enter, or press ? or * to list all spells.
Aiming: Necrotise (safe; 3% risk of failure)
Press: ? - help, Shift-Dir - straight line, f/p - ogre
Aim: an ogre, wielding a +0 giant club (severely wounded, chance to affect: 83%)
The ogre barely resists.
The ogre hits you with a +0 giant club!
* * * LOW HITPOINT WARNING * * *
Unknown command.
Unknown command.
Unknown command.
Casting: Necrotise (safe; 3% risk of failure)
Confirm with . or Enter, or press ? or * to list all spells.
Aiming: Necrotise (safe; 3% risk of failure)
Press: ? - help, Shift-Dir - straight line, f/p - ogre
Aim: an ogre, wielding a +0 giant club (severely wounded, chance to affect: 83%)
The ogre barely resists.
The ogre hits you with a +0 giant club!!
You die...

Skill      XL: |  1  2  3  4  5  6  7 |
---------------+----------------------+-----
Fighting       | 1 2 3 4 5 6 |  6.0
Necromancy     | 5 6 7 |  7.6
Dodging        | |  1.3
Stealth        | |  1.4
Spellcasting   | |  1.7

Action                     |  1- 3 |  4- 6 |  7- 9 || total
---------------------------+-------+-------+-------++-------
  Melee: Unarmed           |     4 |       |       ||     4
         Short sword       |    29 |    15 |       ||    44
   Cast: Necrotise         |    72 |   142 |    43 ||   257
   Stab: Distracted        |     1 |       |       ||     1
 Armour: Robe              |    26 |     2 |       ||    28
         Ring mail         |       |    21 |       ||    21
         Plate armour      |       |    59 |    48 ||   107
  Dodge: Dodged            |    37 |    24 |     9 ||    70

Levels and vault maps discovered:
D:1:      mrwooster_arrival_statue, layout_basic,
          hangedman_decor_clover_reticule, due_unseen_surprise
D:2:      layout_loops_ring, minivault_5
D:3:      layout_rooms, nicolae_overflow_hallway_of_the_gods, uniq_jessica
D:4:      layout_loops_cross, serial_shops, nicolae_shop_tiny_statue_garden,
          uniq_robin
D:5:      layout_rooms, guppyfry_early_orc_mine, uniq_sigmund

Notes
Turn   | Place    | Note
-------+----------+-------------------------------------------
     0 | D:1      | cforsyth the Mountain Dwarf Necromancer began the quest for
                  | the Orb.
     0 | D:1      | Reached XP level 1. HP: 14/14 MP: 3/3
   210 | D:1      | Reached skill level 1 in Fighting
   313 | D:1      | Reached XP level 2. HP: 18/23 MP: 0/4
  1039 | D:1      | Reached skill level 2 in Fighting
  1051 | D:1      | Reached XP level 3. HP: 26/29 MP: 0/5
  1058 | D:1      | Reached skill level 5 in Necromancy
  1530 | D:2      | Identified the +5 short sword "Dioca" {flame, Will+ Dex+3}
  1678 | D:2      | Reached XP level 4. HP: 37/37 MP: 2/6
  2083 | D:2      | Reached skill level 3 in Fighting
  2748 | D:3      | Noticed Jessica
  2753 | D:3      | Killed Jessica
  2754 | D:3      | Reached XP level 5. HP: 45/45 MP: 2/7
  2833 | D:3      | Reached skill level 4 in Fighting
  2833 | D:3      | Reached skill level 6 in Necromancy
  3295 | D:3      | Found an iron altar of Okawaru.
  3298 | D:3      | Found a hazy altar of Hepliaklqana.
  3305 | D:3      | Found a sparkling altar of Nemelex Xobeh.
  3305 | D:3      | Found a shimmering altar of Xom.
  3326 | D:3      | Found a white marble altar of Elyvilon.
  3548 | D:4      | Reached XP level 6. HP: 31/53 MP: 8/8
  3758 | D:4      | Reached skill level 5 in Fighting
  3758 | D:4      | Reached skill level 7 in Necromancy
  4620 | D:4      | Noticed Robin
  4637 | D:3      | Reached XP level 7. HP: 8/61 MP: 9/9
  4962 | D:4      | Killed Robin
  5094 | D:4      | Found Xuom's Jewellery Shoppe.
  5171 | D:5      | Entered Level 5 of the Dungeon
  5325 | D:5      | Reached skill level 6 in Fighting
  5371 | D:5      | Noticed Sigmund
  5386 | D:4      | Mangled by an ogre

Vanquished Creatures
  3 scorpions (D:4)
  A bombardier beetle (D:4)
  A hound (D:4)
  An orc priest (D:4)
  A jelly (D:5)
  Jessica (D:3)
  An iguana (D:3)
  2 orc wizards (D:3)
  Robin (D:4)
  10 adders
  8 orcs
  9 endoplasms
  2 giant cockroaches
  15 goblins
  7 hobgoblins
  8 jackals
  8 kobolds
  5 quokkas
  7 ball pythons
  2 bats (D:1)
  A frilled lizard (D:3)
  7 rats
101 creatures vanquished.

Vanquished Creatures (collateral kills)
  An orc priest (D:3)
  An orc (D:3)
2 creatures vanquished.

Grand Total: 103 creatures vanquished

Table legend: (Time is in decaauts)
 A = Elapsed time spent in this place.
 B = Non-inter-level travel time spent in this place.
 C = Inter-level travel time spent in this place.
 D = Time resting spent in this place.
 E = Time spent auto-exploring this place.
 F = Levels seen in this place.
 G = Mean time per level.
                   A        B        C        D        E       F      G
               +--------+--------+--------+--------+--------+-----+--------+
         Total |   5390 |   5226 |    164 |    794 |   3645 |   5 | 1078.0 |
       Dungeon |   5390 |   5226 |    164 |    794 |   3645 |   5 | 1078.0 |
               +--------+--------+--------+--------+--------+-----+--------+

Top non-repeatable levels by time:
     D:3: 1625 daAuts
     D:2: 1300 daAuts
     D:1: 1178 daAuts
     D:4: 1144 daAuts
     D:5: 141 daAuts

Table legend:
 A = Non-vault XP
 B = Vault XP
 C = Vault XP percentage of total XP
 D = Non-vault monster count
 E = Vault monster count
 F = Vault count percentage of total count
                 A         B        C        D         E       F
            +---------+---------+-------+---------+---------+-------
      Total |     859 |      76 |   8.1 |      89 |      14 |  13.6
            +---------+---------+-------+---------+---------+-------
        D:1 |      43 |       0 |   0.0 |      25 |       0 |   0.0
        D:2 |      94 |       0 |   0.0 |      22 |       0 |   0.0
        D:3 |     245 |      49 |  16.7 |      25 |       7 |  21.9
        D:4 |     424 |      27 |   6.0 |      15 |       7 |  31.8
        D:5 |      53 |       0 |   0.0 |       2 |       0 |   0.0
            +---------+---------+-------+---------+---------+-------
